 Dungeon Crawl Stone Soup version 0.26-b1-32-g5d43845318 (webtiles) character file.

Game seed: 10816269331870267416

9401 theswoord the Arsonist (level 11, -13/96 HPs)
             Began as a Naga Fire Elementalist on Jan 10, 2021.
             Was a Priest of Vehumet.
             Mangled by a komodo dragon (27 damage)
             ... on level 1 of the Lair of Beasts.
             The game lasted 00:43:42 (13673 turns).

theswoord the Arsonist (Naga Fire Elementalist)    Turns: 13673, Time: 00:43:42

Health: -13/96     AC: 14    Str: 16    XL:     11   Next: 45%
Magic:  19/24      EV:  8    Int: 26    God:    Vehumet [***...]
Gold:   480        SH:  0    Dex: 11    Spells: 14/28 levels left

rFire    . . .     SeeInvis +   s - +7 scimitar of the Jester {vorpal, rC+ Str+5}
rCold    + . .     Faith    .   (no shield)
rNeg     . . .     Spirit   .   y - +1 steam dragon scales
rPois    +         Reflect  .   q - +0 helmet
rElec    .         Harm     .   (no cloak)
rCorr    .         Rampage  .   b - +1 pair of gloves
Will     +....                  d - +0 barding
Stlth    ++........             (no amulet)
HPRegen  0.26/turn              r - ring "Iklew" {Wiz Int+7}
MPRegen  0.19/turn              (no ring)

@: very slow
A: large, see invisible, deformed body, poison resistance, slowness 2, spit
poison 1, AC +3
a: Spit Poison, Renounce Religion


You were on level 1 of the Lair of Beasts.
You worshipped Vehumet.
Vehumet was most pleased with you.
You visited 2 branches of the dungeon, and saw 10 of its levels.

You collected 803 gold pieces.
You spent 323 gold pieces at shops.

Inventory:

Hand Weapons
 e - a +0 vorpal scythe
 l - a +0 short sword
 s - the +7 scimitar of the Jester (weapon) {vorpal, rC+ Str+5}
   (You bought it in a shop on level 7 of the Dungeon)

   It inflicts extra damage upon your enemies.
   It affects your strength (+5).
   It protects you from cold.
Armour
 a - a +0 robe
 b - a +1 pair of gloves (worn)
 d - a +0 barding (worn)
 k - a +2 ring mail of cold resistance
 q - a +0 helmet (worn)
 y - +1 steam dragon scales (worn)
Jewellery
 r - the ring "Iklew" (left hand) {Wiz Int+7}
   (You found it on level 7 of the Dungeon)

   [ring of wizardry]

   It improves your spell success rate.
   It affects your intelligence (+7).
 t - an uncursed ring of poison resistance
Wands
 n - a wand of iceblast (8)
 B - a wand of acid (17)
Scrolls
 c - 2 scrolls of enchant armour
 f - 6 scrolls of identify
 g - 7 scrolls of remove curse
 h - 2 scrolls of immolation
 i - 2 scrolls of magic mapping
 m - a scroll of amnesia
 w - a scroll of teleportation
Potions
 j - a potion of lignification
 p - a potion of magic
 x - a potion of mutation
 z - 2 potions of attraction
 A - a potion of might


   Skills:
 + Level 5.2 Fighting
 - Level 1.5 Dodging
 - Level 3.0 Stealth
 + Level 9.2 Spellcasting
 + Level 9.8 Conjurations
 + Level 10.1 Fire Magic


You had 14 spell levels left.
You knew the following spells:

 Your Spells              Type           Power        Failure   Level
a - Foxfire               Conj/Fire      100%         1%          1
b - Conjure Flame         Conj/Fire      59%          1%          3
c - Sticky Flame          Conj/Fire      59%          1%          4
d - Fireball              Conj/Fire      29%          1%          5
e - Magic Dart            Conj           100%         1%          1

Your spell library contained the following spells:

 Spells                   Type           Power        Failure   Level
 Searing Ray              Conj           100%         1%          2
 Corona                   Hex            13%          1%          1
 Dazzling Flash           Conj/Hex       74%          1%          3
 Inner Flame              Hex/Fire       38%          1%          3
 Ensorcelled Hibernation  Hex/Ice        24%          3%          2
 Confusing Touch          Hex            12%          6%          3
 Gell's Gravitas          Tloc           6%           6%          3
 Tukima's Dance           Hex            12%          6%          3
 Yara's Violent Unravell  Hex/Tmut       6%           14%         5
 Petrify                  Tmut/Erth      12%          21%         4
 Metabolic Englaciation   Hex/Ice        6%           45%         5


Dungeon Overview and Level Annotations

Branches:
Dungeon (9/15)             Temple (0/1) D:7            Lair (1/6) D:9
    Orc: D:9-12

Altars:
Ashenzari
Elyvilon
Fedhas
Gozag
Okawaru
Vehumet

Shops:
D:6 *   D:7 }*   D:9 :


Innate Abilities, Weirdness & Mutations

You cannot wear boots.
Your serpentine skin is tough. (AC +3)
You have supernaturally acute eyesight. (SInv)
Armour fits poorly on your strangely shaped body.
Your system is resistant to poisons. (rPois)
You cover ground very slowly.
You can spit poison.


Message History

You feel better.
The komodo dragon bites you but does no damage.
You closely miss the komodo dragon.
The komodo dragon is severely wounded.
The komodo dragon bites you but does no damage.
Unknown command.
You barely miss the komodo dragon.
The komodo dragon is severely wounded.
You have got your breath back.
The komodo dragon bites you!
* * * LOW HITPOINT WARNING * * *
You hit the komodo dragon.
The komodo dragon is almost dead.
The komodo dragon looks more healthy.
The komodo dragon bites you but does no damage.
The komodo dragon barely misses you.
You hit the komodo dragon but do no damage.
The komodo dragon is severely wounded.
The komodo dragon bites you!!
You die...

..# ## ...# ..................
. #.##.#...##..........##......
..##†..#....#.........###......
#...............##....# #......
......†.##...# ##...## ##.....
#........# #.....# ##....
##.#...>.# ##...### ###..
############..Y###....# ###
........####...#@....##
..........##...l#....##
..........#...######..##
.............## ##..###
............#.# ##...## #
...........#### ##P..## #
..........## ###..#### #
..........# ##....# #
........#.# #.#...# #


You could see a komodo dragon.

Vanquished Creatures
  A two-headed ogre (D:9)
  Urug (Lair:1)
  Sonja (Lair:1)
  Maggie (D:8)
  A troll (D:9)
  Sigmund (D:2)
  8 yaks (Lair:1)
  A steam dragon (D:8)
  3 water moccasins
  2 orc warriors
  2 ice beasts
  5 sky beasts
  2 phantoms
  7 ogres
  8 wolves
  6 centaurs
  Blork the orc (D:6)
  A big kobold (D:9)
  3 bullfrogs
  A gnoll sergeant (D:6)
  A water moccasin skeleton (D:8)
  2 scorpions
  4 killer bees (D:9)
  11 howler monkeys
  A centaur zombie (D:8)
  3 bullfrog zombies
  6 orc priests
  2 jellies
  A centaur skeleton (D:5)
  6 hounds
  6 orc wizards
  5 iguanas
  8 worker ants
  2 worker ant zombies (D:5)
  15 adders
  17 gnolls
  A white imp (D:8)
  An adder zombie (D:8)
  4 worms
  2 dart slugs
  9 leopard geckos
  23 orcs
  4 ball pythons
  7 giant cockroaches
  4 goblins
  10 hobgoblins
  8 jackals (D:2)
  3 quokkas
  3 bats (D:2)
  5 frilled lizards
  A jackal zombie (D:5)
  13 kobolds
  A leopard gecko skeleton (D:6)
  A quokka skeleton (D:4)
  A quokka zombie (D:5)
247 creatures vanquished.

Vanquished Creatures (collateral kills)
  A foxfire (D:6)
1 creature vanquished.

Vanquished Creatures (others)
  909 foxfires
  5 plants (Lair:1)
914 creatures vanquished.

Grand Total: 1162 creatures vanquished

Notes
Turn   | Place    | Note
-------+----------+-------------------------------------------
     0 | D:1      | theswoord the Naga Fire Elementalist began the quest for
                  | the Orb.
     0 | D:1      | Reached XP level 1. HP: 15/15 MP: 3/3
   522 | D:1      | Reached XP level 2. HP: 22/22 MP: 1/5
  1558 | D:2      | Reached XP level 3. HP: 28/28 MP: 3/6
  2230 | D:2      | Reached XP level 4. HP: 36/36 MP: 8/8
  2276 | D:2      | Noticed Sigmund
  2300 | D:2      | Killed Sigmund
  2301 | D:2      | Reached skill level 4 in Fire Magic
  2301 | D:2      | Reached XP level 5. HP: 19/42 MP: 4/10
  2301 | D:2      | Reached XP level 6. HP: 22/49 MP: 4/11
  3733 | D:3      | Reached skill level 5 in Fire Magic
  3733 | D:3      | Reached XP level 7. HP: 52/55 MP: 5/13
  4355 | D:4      | Reached skill level 5 in Spellcasting
  4355 | D:4      | Reached skill level 5 in Conjurations
  4355 | D:4      | Reached XP level 8. HP: 62/62 MP: 0/15
  4359 | D:4      | Learned a level 3 spell: Conjure Flame
  4930 | D:5      | Entered Level 5 of the Dungeon
  4936 | D:5      | Reached skill level 6 in Fire Magic
  5191 | D:5      | Found a radiant altar of Vehumet.
  5226 | D:5      | Became a worshipper of Vehumet
  5511 | D:5      | Found a white marble altar of Elyvilon.
  6106 | D:5      | Reached skill level 7 in Fire Magic
  6224 | D:5      | Reached XP level 9. HP: 32/68 MP: 13/18
  7038 | D:6      | Found a broken altar of Ashenzari.
  7170 | D:6      | Reached * piety under Vehumet
  7170 | D:6      | Offered knowledge of Freeze by Vehumet.
  7387 | D:6      | Learned a level 4 spell: Sticky Flame
  7893 | D:6      | Found Gozag's Platinum Reserve.
  7908 | D:6      | Found an opulent altar of Gozag.
  8293 | D:6      | Noticed Blork the orc
  8299 | D:6      | Killed Blork the orc
  8506 | D:7      | Reached skill level 8 in Fire Magic
  9095 | D:7      | Found Cafikloo's Gadget Boutique.
  9232 | D:7      | Got a bound silver ring
  9245 | D:7      | Identified the ring "Iklew" {Wiz Int+7} (You found it on
                  | level 7 of the Dungeon)
  9266 | D:7      | Found Wafocifi's Assorted Antiques.
  9273 | D:7      | Bought a scroll labelled YDDUSKELEY for 19 gold pieces
  9273 | D:7      | Bought a scroll of identify for 38 gold pieces
  9273 | D:7      | Bought a translucent scimitar for 171 gold pieces
  9273 | D:7      | Bought a shiny pearl ring for 95 gold pieces
  9274 | D:7      | Identified the +7 scimitar of the Jester {vorpal, rC+
                  | Str+5} (You bought it in a shop on level 7 of the Dungeon)
  9442 | D:7      | Reached XP level 10. HP: 75/75 MP: 17/21
  9501 | D:7      | Found a staircase to the Ecumenical Temple.
  9515 | D:7      | Learned a level 5 spell: Fireball
  9639 | D:7      | Offered knowledge of Magic Dart by Vehumet.
  9642 | D:7      | Learned a level 1 spell: Magic Dart
  9855 | D:8      | Reached ** piety under Vehumet
  9912 | D:8      | Noticed Maggie
  9923 | D:8      | Killed Maggie
  9924 | D:8      | Reached skill level 1 in Fighting
 10669 | D:8      | Found a blossoming altar of Fedhas.
 10681 | D:8      | Reached skill level 9 in Fire Magic
 11008 | D:9      | Noticed a two-headed ogre
 11062 | D:8      | Offered knowledge of Searing Ray by Vehumet.
 11359 | D:9      | Killed a two-headed ogre
 11652 | D:9      | Found an iron altar of Okawaru.
 11845 | D:9      | Found Punurphut's Book Emporium.
 11923 | D:9      | Found a staircase to the Lair.
 12069 | Lair:1   | Entered Level 1 of the Lair of Beasts
 12111 | Lair:1   | Reached XP level 11. HP: 32/92 MP: 13/23
 12369 | Lair:1   | Noticed Sonja
 12376 | Lair:1   | Killed Sonja
 12376 | Lair:1   | Noticed Urug
 12993 | Lair:1   | Killed Urug
 12994 | Lair:1   | Reached skill level 10 in Fire Magic
 13148 | Lair:1   | Reached *** piety under Vehumet
 13149 | Lair:1   | Reached skill level 5 in Fighting
 13673 | Lair:1   | Mangled by a komodo dragon

Skill      XL: |  1  2  3  4  5  6  7  8  9 10 11 |
---------------+----------------------------------+-----
Conjurations   | 2 3 4 5 6 7 9 |  9.8
Spellcasting   | 3 4 5 6 7 8 9 |  9.2
Fire Magic     | 4 5 7 8 9 10 | 10.1
Fighting       | 4 5 |  5.2
Dodging        | |  1.5
Stealth        | |  3.0

Action                   |  1- 3 |  4- 6 |  7- 9 | 10-12 || total
-------------------------+-------+-------+-------+-------++-------
Melee: Unarmed           |    26 |       |       |       ||    26
       Short sword       |    30 |       |       |       ||    30
       Scythe            |       |    40 |   105 |       ||   145
       Scimitar          |       |       |     2 |    92 ||    94
 Cast: Foxfire           |    39 |    87 |   361 |   141 ||   628
       Conjure Flame     |       |       |     3 |     1 ||     4
       Fireball          |       |       |       |    25 ||    25
 Abil: Spit Poison       |    23 |    11 |    26 |     7 ||    67
  Use: Scroll            |     8 |     2 |     7 |     3 ||    20
       Potion            |     2 |     2 |     3 |     2 ||     9
 Stab: Sleeping          |     1 |     1 |     1 |       ||     3
Armor: Robe              |    13 |    32 |     3 |       ||    48
       Skin              |     8 |       |    41 |       ||    49
       Ring mail         |       |       |   162 |    26 ||   188
       Steam dragon scal |       |       |       |    69 ||    69
Dodge: Dodged            |    30 |    50 |    86 |    71 ||   237
       Rpst.: Scimitar   |       |       |     1 |    20 ||    21

Levels and vault maps discovered:
D:1:      minmay_arrival_diagonal_passages, layout_loops_ring
D:2:      layout_rooms, corexii_item_surrounded_by_moat,
          roderic_serpentine_path, uniq_sigmund
D:3:      layout_rooms, kennysheep_donut
D:4:      layout_rooms
D:5:      minmay_chambers_of_threes, layout_rooms, kennysheep_little_box,
          elyvilon_altar_5, hangedman_decor_clover_reticule
D:6:      layout_basic, ashenzari_altar_1, nicolae_gozag_zags_fifth_avenue,
          minmay_microvault, uniq_blork_the_orc
D:7:      layout_loops_ring, temple_fountains, serial_shops, nicolae_shop_trees,
          shop_statue, amcnicky_mini_pool_small
D:8:      layout_rooms, lemuel_round_altar, hex_tiny, uniq_maggie
D:9:      layout_cave_pools, lair_entry_dummy, basic_altar, serial_shops,
          nicolae_shop_behind_doors, minmay_misc_feat_nine_boxes
Lair:1:   layout_cave_pods, grunt_forest_large_clearing_hut, grunt_megastairs_4,
          uniq_urug, uniq_sonja
